 Dungeon Crawl Stone Soup version 0.29.0-11-gd7f09526c8 (webtiles) character file.

Game seed: 7765521703734947438

536 Flugkiller the Chopper (level 7, -1/62 HPs)
             Began as a Minotaur Fighter on Sept 2, 2022.
             Slain by Pikel
             ... wielding a +0 whip of flaming
              (4 damage)
             ... on level 4 of the Dungeon.
             The game lasted 00:01:30 (3289 turns).

Flugkiller the Chopper (Minotaur Fighter)           Turns: 3289, Time: 00:01:31

Health: -1/62      AC: 10    Str: 20    XL:     7   Next: 4%
Magic:  6/6        EV:  7    Int:  5    God:
Gold:   143        SH:  0    Dex: 12    Spells: 6/6 levels left

rFire   . . .      SeeInvis .   s - +0 battleaxe
rCold   . . .      Faith    .   (shield currently unavailable)
rNeg    . . .      Spirit   .   g - +0 chain mail
rPois   .          Reflect  .   (helmet restricted)
rElec   .          Harm     .   (no cloak)
rCorr   .          Rampage  .   (no gloves)
Will    .....                   (no boots)
Stlth   ..........              u - amulet of regeneration
HPRegen 1.00/turn               (no ring)
MPRegen 0.10/turn               (no ring)

@: no status effects
A: horns 2, retaliatory headbutt
a: no special abilities


You were on level 4 of the Dungeon.
You visited 1 branch of the dungeon, and saw 4 of its levels.

You collected 143 gold pieces.

Inventory:

Hand Weapons
 a - a +0 war axe
 s - a +0 battleaxe (weapon)
   (You found it on level 4 of the Dungeon)
Armour
 b - a +0 scale mail
 c - a +0 buckler
 g - a +0 chain mail (worn)
   (You found it on level 1 of the Dungeon)
Jewellery
 i - a ring of see invisible
   (You found it on level 4 of the Dungeon)
 u - an amulet of regeneration (around neck)
   (You found it on level 4 of the Dungeon)
Wands
 o - a wand of roots (16)
   (You took it off Natasha on level 2 of the Dungeon)
 p - a wand of light (9)
   (You found it on level 2 of the Dungeon)
Scrolls
 e - 3 scrolls of teleportation {unknown}
 h - 3 scrolls of identify {unknown}
 j - a scroll of butterflies {unknown}
 m - 2 scrolls of poison {unknown}
 n - a scroll of enchant armour {unknown}
 v - a scroll of summoning {unknown}
Potions
 d - a potion of might
 f - a potion of cancellation {unknown}
 k - a potion of flight {unknown}
 l - a potion of lignification {unknown}
 q - 3 potions of curing
 r - 2 potions of ambrosia {unknown}
 t - a potion of magic {unknown}
 w - a potion of attraction {unknown}
 x - a potion of heal wounds {unknown}


   Skills:
 + Level 5.7 Fighting
 * Level 6.7 Axes
 + Level 5.7 Armour
 - Level 3.6 Shields


You had 6 spell levels left.
You didn't know any spells.
Your spell library was empty.

Dungeon Overview and Level Annotations

Branches:
Dungeon (4/15)
 Temple: D:4-7

Altars:

Annotations:
D:4 Pikel


Innate Abilities, Weirdness & Mutations

You have a pair of horns on your head.
You reflexively headbutt those who attack you in melee.


Message History

You hear a shout!
There are monsters nearby!
There are monsters nearby!
There are monsters nearby!
A lemure comes into view.
Pikel and 2 lemures come into view.
Pikel is wielding a +0 whip of flaming.
Found 2 stones.
Found an escape hatch in the ceiling.
Pikel shouts!
The lemure shouts! x2
The hound bites you but does no damage. The lemure hits you.
The hound bites you but does no damage.
You closely miss the lemure. You barely miss the hound.
The hound barely misses you. You furiously retaliate!
You headbutt the hound. The hound bites you but does no damage.
You closely miss the hound.
You headbutt the hound, but do no damage.
The hound is lightly wounded.
You miss Pikel. You barely miss the lemure. The hound bites you.
The lemure hits you but does no damage. The hound bites you.
Pikel hits you with a +0 whip of flaming.
Pikel burns you.
You slash the hound!
The hound is almost dead.
You hit the lemure but do no damage. You hit Pikel.
The hound barely misses you. The lemure hits you but does no damage.
Pikel hits you with a +0 whip of flaming.
Pikel burns you. The hound barely misses you.
You closely miss the hound.
The hound is almost dead.
You hit Pikel. You hit the lemure. You barely miss the lemure.
The hound stops to sniff the ground.
The hound bites you but does no damage. The lemure hits you but does no damage.
Pikel hits you but does no damage. The lemure barely misses you.
The hound bites you. The lemure hits you but does no damage.
The lemure barely misses you. Pikel hits you but does no damage.
The hound bites you but does no damage. The lemure closely misses you.
Pikel says, "You'll feel the lick of my whip!"
You hit the hound.
You headbutt the hound, but do no damage.
The hound is almost dead.
You hit the lemure. The hound bites you.
Pikel says, "You'll make a fine lemure."
The hound bites you but does no damage.
You hit the hound but do no damage. Your headbutt misses the hound.
The hound is almost dead.
The hound bites you but does no damage. The hound closely misses you.
You slash the hound!
You kill the hound!
You have reached level 7!
You closely miss Pikel.
Pikel is moderately wounded.
You hit the lemure but do no damage. Pikel hits you but does no damage.
The lemure barely misses you. You furiously retaliate!
You headbutt the lemure. You hit Pikel but do no damage.
Pikel is moderately wounded.
You barely miss the lemure.
Pikel hits you with a +0 whip of flaming.
Pikel burns you. The lemure hits you.
You miss Pikel.
Pikel is moderately wounded.
You completely miss the lemure.
Pikel hits you with a +0 whip of flaming.
Pikel burns you. The lemure hits you but does no damage. The lemure hits you.
Pikel hits you but does no damage.
You closely miss Pikel.
Pikel is moderately wounded.
You hit the lemure.
Pikel hits you with a +0 whip of flaming.
Pikel burns you. The lemure hits you but does no damage.
You closely miss Pikel. Your headbutt misses Pikel.
Pikel is moderately wounded.
You miss the lemure. Pikel hits you but does no damage.
The lemure hits you but does no damage.
You slash Pikel!
Pikel is heavily wounded.
You closely miss the lemure.
Pikel cracks his whip.
Pikel closely misses you. The lemure hits you but does no damage.
Pikel hits you with a +0 whip of flaming.
Pikel burns you. The lemure barely misses you.
You hit Pikel but do no damage. Your headbutt misses Pikel.
Pikel is heavily wounded.
You closely miss the lemure.
Pikel hits you with a +0 whip of flaming!
Pikel burns you. The lemure hits you but does no damage.
You are too injured to fight recklessly!
You are too injured to fight recklessly!
You are too injured to fight recklessly!
You closely miss Pikel.
Pikel is heavily wounded.
You hit the lemure but do no damage.
Pikel hits you with a +0 whip of flaming.
* * * LOW HITPOINT WARNING * * *
Pikel burns you.
* * * LOW HITPOINT WARNING * * *
The lemure barely misses you. The lemure hits you.
* * * LOW HITPOINT WARNING * * *
Pikel hits you with a +0 whip of flaming!
* * * LOW HITPOINT WARNING * * *
Pikel burns you.
You die...

.###....## #.#
#.####..##.#
......### #.#
#.#........#
......# ###.#
#.#........#
......####...#
#.#.....<..####
......#.......
#.#.........<.#
......#...(...
#.#...).......#
......#.......
#.#...........#
......#.......
##.#########...#
......#......<##@.#
#...#
#######......55K5##
#...# .......5###
##### #######.# ###


You could see Pikel and 4 lemures.

Vanquished Creatures
  A scorpion (D:4)
  An orc priest (D:3)
  2 hounds (D:4)
  An iguana (D:4)
  Terence (D:2)
  2 orc wizards
  Natasha (thrice) (D:2)
  Robin (D:4)
  7 gnolls
  2 adders
  2 dart slugs (D:4)
  15 orcs
  4 ball pythons
  A bat (D:2)
  2 endoplasms (D:1)
  6 giant cockroaches
  19 goblins
  8 hobgoblins
  5 jackals
  4 quokkas
  5 frilled lizards
  8 kobolds
  3 rats
103 creatures vanquished.

Notes
Turn   | Place    | Note
-------+----------+-------------------------------------------
     0 | D:1      | Flugkiller the Minotaur Fighter began the quest for the
                  | Orb.
     0 | D:1      | Reached XP level 1. HP: 19/19 MP: 0/0
    57 | D:1      | Reached skill level 3 in Axes
    57 | D:1      | Reached XP level 2. HP: 26/27 MP: 1/1
   464 | D:1      | Reached XP level 3. HP: 29/33 MP: 2/2
   681 | D:2      | Found a faded altar of an unknown god.
   884 | D:2      | Noticed Natasha
   899 | D:2      | Killed Natasha
   900 | D:2      | Reached skill level 4 in Axes
  1203 | D:2      | Noticed Natasha
  1210 | D:2      | Killed Natasha
  1211 | D:2      | Reached XP level 4. HP: 33/41 MP: 3/3
  1315 | D:2      | Noticed Natasha
  1318 | D:2      | Noticed Terence
  1321 | D:2      | Killed Natasha
  1329 | D:2      | Killed Terence
  1330 | D:2      | Reached XP level 5. HP: 30/47 MP: 4/4
  1718 | D:3      | Reached skill level 5 in Axes
  1925 | D:3      | Reached skill level 5 in Fighting
  1925 | D:3      | Reached skill level 5 in Armour
  2342 | D:3      | Reached XP level 6. HP: 4/56 MP: 5/5
  2721 | D:4      | Reached skill level 6 in Axes
  3209 | D:4      | Noticed Robin
  3222 | D:4      | Killed Robin
  3271 | D:4      | Noticed Pikel
  3282 | D:4      | Reached XP level 7. HP: 53/62 MP: 6/6
  3289 | D:4      | HP: 3/62 [Pikel/+0 whip of flaming (8)]
  3289 | D:4      | Slain by Pikel

Illustrated notes

Levels and vault maps discovered:
D:1:      mushboom_english_gardens, layout_basic
D:2:      layout_basic, nicolae_ecumenical_oubliette, uniq_terence, uniq_natasha
D:3:      layout_loops_ring
D:4:      layout_rooms, uniq_robin, uniq_pikel

Skill      XL: |  1  2  3  4  5  6 |
---------------+-------------------+-----
Axes           | 3 4 5 6 |  6.7
Armour         | 4 5 |  5.7
Fighting       | 4 5 |  5.7
Shields        | |  3.6

Action                   |  1- 3 |  4- 6 |  7- 9 || total
-------------------------+-------+-------+-------++-------
Melee: War axe           |    69 |    75 |       ||   144
       Headbutt          |     6 |    17 |       ||    23
       Battleaxe         |       |    58 |     8 ||    66
  Use: Potion            |       |     1 |       ||     1
Armor: Scale mail        |    12 |       |       ||    12
       Chain mail        |    30 |    82 |     8 ||   120
Dodge: Dodged            |    28 |    49 |     4 ||    81
Block: Buckler           |    12 |    18 |       ||    30
